 Dungeon Crawl Stone Soup version 0.27-a0-1149-g4505690ab0 (webtiles) character file.

Game seed: 18033165104843461177

251 leviel the Chopper (level 5, -9/45 HPs)
             Began as a Minotaur Monk on May 13, 2021.
             Was a Follower of Okawaru.
             Mangled by an ogre
             ... wielding a +0 giant club
              (16 damage)
             ... on level 4 of the Dungeon.
             The game lasted 00:05:41 (4132 turns).

leviel the Chopper (Minotaur Monk)                  Turns: 4132, Time: 00:05:42

Health: -9/45      AC: 12    Str: 16    XL:     5   Next: 88%
Magic:  4/4        EV:  5    Int:  7    God:    Okawaru [*.....]
Gold:   510        SH:  4    Dex: 13    Spells: 4/4 levels left

rFire    . . .     SeeInvis .   a - +0 war axe
rCold    . . .     Faith    .   c - +0 buckler {reflect}
rNeg     . . .     Spirit   .   i - +0 plate armour
rPois    .         Reflect  +   (helmet restricted)
rElec    .         Harm     .   (no cloak)
rCorr    .         Rampage  .   (no gloves)
Will     .....                  j - +0 pair of boots
Stlth    ..........             (no amulet)
HPRegen  0.15/turn              (no ring)
MPRegen  0.09/turn              (no ring)

@: studying 2 skills
A: horns 2, retaliatory headbutt
a: Renounce Religion, Heroism


You were on level 4 of the Dungeon.
You worshipped Okawaru.
Okawaru was aware of your devotion.
You visited 2 branches of the dungeon, and saw 6 of its levels.

You collected 510 gold pieces.

Inventory:

Hand Weapons
 a - a +0 war axe (weapon)
Missiles
 h - 2 silver javelins (quivered)
Armour
 c - a +0 buckler of reflection (worn)
 i - a +0 plate armour (worn)
 j - a +0 pair of boots (worn)
 n - a +2 tower shield
Wands
 g - a wand of iceblast (10)
Scrolls
 k - 2 scrolls of noise {unknown}
 l - 5 scrolls of enchant armour {unknown}
 q - a scroll of identify {unknown}
 t - a scroll of magic mapping {unknown}
Potions
 b - a potion of curing
 e - a potion of heal wounds {unknown}
 f - a potion of invisibility {unknown}
 m - a potion of magic {unknown}
 o - a potion of cancellation {unknown}
 p - a potion of flight {unknown}
 r - 2 potions of mutation {unknown}
 s - a potion of lignification {unknown}
 u - 2 potions of haste {unknown}


   Skills:
 - Level 3.6 Fighting
 * Level 6.5 Axes
 + Level 2.4 Armour
 - Level 3.2 Dodging
 + Level 3.2 Stealth
 + Level 2.0 Shields


You had 4 spell levels left.
You didn't know any spells.
Your spell library contained the following spells:

 Spells                   Type           Power      Damage    Failure   Level
 Foxfire                  Conj/Fire      0%         2x1d4     100%        1
 Magic Dart               Conj           0%         1d3       100%        1
 Summon Small Mammal      Summ           0%         N/A       100%        1
 Call Imp                 Summ           0%         N/A       100%        2
 Searing Ray              Conj           0%         3d3       100%        2
 Call Canine Familiar     Summ           0%         N/A       100%        3
 Conjure Flame            Conj/Fire      0%         6-21      100%        3
 Dazzling Flash           Conj/Hex       0%         N/A       100%        3
 Inner Flame              Hex/Fire       0%         N/A       100%        3
 Summon Guardian Golem    Hex/Summ       0%         N/A       100%        3
 Fulminant Prism          Conj/Hex       0%         3d6       100%        4
 Iskenderun's Mystic Bla  Conj/Tloc      0%         2d3       100%        4
 Sticky Flame             Conj/Fire      0%         2d3       100%        4
 Summon Ice Beast         Ice/Summ       0%         N/A       100%        4
 Summon Lightning Spire   Summ/Air       0%         N/A       100%        4
 Fireball                 Conj/Fire      0%         3d3       100%        5


Dungeon Overview and Level Annotations

Branches:
Dungeon (5/15)             Temple (1/1) D:4

Altars:
Ashenzari
Cheibriados
Dithmenos
Elyvilon
Fedhas
Gozag
Hepliaklqana
Kikubaaqudgha
Makhleb
Nemelex Xobeh
Okawaru
Qazlal
Ru
Sif Muna
Trog
Uskayaw
Wu Jian
Xom
Yredelemnul
Zin
The Shining One

Annotations:
D:3 1 runed translucent door, Crazy Yiuf


Innate Abilities, Weirdness & Mutations

You have a pair of horns on your head.
You reflexively headbutt those who attack you in melee.


Message History

The hound bites you but does no damage. The hound bites you but does no damage.
The hound bites you but does no damage.
There is an open door here.
The hound bites you.
There is a stone staircase leading up, spattered with blood here.
Okay, then.
The hound bites you.
* * * LOW HITPOINT WARNING * * *
The hound bites you.
* * * LOW HITPOINT WARNING * * *
You climb upwards.
Reactivating autopickup.
The ogre hits you with a +0 giant club.
* * * LOW HITPOINT WARNING * * *
The ogre hits you with a +0 giant club.
* * * LOW HITPOINT WARNING * * *
There is a stone staircase leading down, spattered with blood here.
You feel better. The hound bites you but does no damage.
You feel better. The hound barely misses you. You furiously retaliate!
You headbutt the hound. The ogre hits you with a +0 giant club!
* * * LOW HITPOINT WARNING * * *
The hound bites you.
* * * LOW HITPOINT WARNING * * *
You barely miss the ogre. You hit the hound but do no damage.
The hound barely misses you. The ogre hits you but does no damage.
You slash the ogre! You headbutt the ogre.
The ogre is heavily wounded.
You hit the hound.
The hound bites you but does no damage. x2
The ogre barely misses you.
You hit the ogre. You headbutt the ogre.
The ogre is severely wounded.
Your plate armour prevents you from hitting the hound.
The hound barely misses you. The hound bites you but does no damage.
The ogre barely misses you.
You hit the ogre.
The ogre is severely wounded.
You barely miss the hound. The hound bites you but does no damage.
The ogre hits you with a +0 giant club!
You die...

...8..........##.........####....
##...###......###.##.##.## #.##.
+#.#'c##.....# #.....(.# ##.##.
#.#S..##....# ######<#####...#.
#.##...#....# #........#... ...
#."#....# #.###(##...## #....
####....# #.# #[###.##
..............#######.# #.# #.#
.#.. ######...ch@O....# #.# #.#
##..###########.###.#
##########.....# ##...##.#
.........#.....#######.#.#.#.#
########.[....................#
.....).............<....#.#.###
########........######.#...##
##.##.#### ##.##.## #.##.#
####...#.#


You could see an ogre, a centaur and a hound.

Vanquished Creatures
  A scorpion (D:5)
  A jelly (D:4)
  A bullfrog skeleton (D:3)
  2 orc wizards (D:3)
  Robin (D:4)
  An adder (D:3)
  An ufetubus (D:4)
  A dart slug (D:1)
  2 orcs
  An endoplasm (D:3)
  3 giant cockroaches
  13 goblins
  9 hobgoblins
  4 jackals
  2 kobolds (D:1)
  6 quokkas
  7 ball pythons
  8 bats
  3 rats
67 creatures vanquished.

Notes
Turn   | Place    | Note
-------+----------+-------------------------------------------
     0 | D:1      | leviel the Minotaur Monk began the quest for the Orb.
     0 | D:1      | Reached XP level 1. HP: 19/19 MP: 0/0
   201 | D:1      | Reached skill level 4 in Axes
   201 | D:1      | Reached XP level 2. HP: 23/26 MP: 1/1
  1387 | D:2      | Found a faded altar of an unknown god.
  1506 | D:2      | Reached XP level 3. HP: 31/31 MP: 2/2
  2138 | D:3      | Reached skill level 1 in Armour
  2138 | D:3      | Reached XP level 4. HP: 29/39 MP: 3/3
  2261 | D:3      | Reached skill level 5 in Axes
  2521 | D:3      | Found a runed translucent door.
  2522 | D:3      | Noticed Crazy Yiuf
  2845 | D:4      | Noticed Robin
  2849 | D:4      | Reached skill level 1 in Shields
  2855 | D:4      | Killed Robin
  2861 | D:4      | Reached XP level 5. HP: 38/45 MP: 4/4
  3187 | D:4      | Found a staircase to the Ecumenical Temple.
  3196 | Temple   | Entered the Ecumenical Temple
  3321 | Temple   | Became a worshipper of Warmaster Okawaru
  3321 | Temple   | Reached * piety under Okawaru
  3321 | Temple   | Reached ** piety under Okawaru
  3411 | D:4      | Identified 4 scrolls of acquirement
  3411 | D:4      | Acquired 343 gold pieces
  3414 | D:4      | Acquired a +0 buckler of reflection
  3415 | D:4      | Acquired a manual of Axes
  3416 | D:4      | Acquired a manual of Fighting
  3809 | D:4      | Noticed an ogre
  3809 | D:4      | Noticed a centaur
  3826 | D:5      | Entered Level 5 of the Dungeon
  4041 | D:5      | Reached skill level 6 in Axes
  4086 | D:5      | HP: 2/45 [iguana (1)]
  4099 | D:5      | HP: 2/45 [hound (2)]
  4126 | D:4      | HP: 1/45 [ogre/+0 giant club (4)]
  4132 | D:4      | Mangled by an ogre

Illustrated notes

Levels and vault maps discovered:
D:1:      shiori_arrival_elements, layout_basic, chequers_serial_rivers_small_b,
          minmay_misc_feat_pillars, minmay_misc_feat_rugged,
          hangedman_abyss_or_decor_stabs, minmay_shallow_snake_nest
D:2:      layout_loops_corners, hellmonk_ecumenical_altar_heavens_door
D:3:      layout_basic, uniq_crazy_yiuf_cottage
D:4:      cheibrodos_barr_body, layout_loops_ring,
          minmay_temple_entry_large_hall, amcnicky_mini_rare_corridor_liquid,
          uniq_robin
D:5:      layout_gridville
Temple:   compressed_dpeg_circular_temple

Skill      XL: |  1  2  3  4  5 |
---------------+----------------+-----
Axes           | 4 5 6 |  6.5
Stealth        | 2 3 |  3.2
Armour         | 1 2 |  2.4
Shields        | 1 2 |  2.0
Fighting       | |  3.6
Dodging        | |  3.2

Action                   |  1- 3 |  4- 6 || total
-------------------------+-------+-------++-------
Melee: Hand axe          |    77 |    69 ||   146
       Headbutt          |     5 |    19 ||    24
       War axe           |       |    26 ||    26
  Use: Scroll            |       |     5 ||     5
       Potion            |       |     5 ||     5
 Stab: Sleeping          |     1 |       ||     1
Armor: Ring mail         |    10 |       ||    10
       Plate armour      |    20 |    83 ||   103
Dodge: Dodged            |    42 |    18 ||    60
Block: Tower shield      |       |    77 ||    77
       Buckler           |       |     9 ||     9

Table legend: (Time is in decaauts)
 A = Elapsed time spent in this place.
 B = Non-inter-level travel time spent in this place.
 C = Inter-level travel time spent in this place.
 D = Time resting spent in this place.
 E = Time spent auto-exploring this place.
 F = Levels seen in this place.
 G = Mean time per level.
                   A        B        C        D        E       F      G
               +--------+--------+--------+--------+--------+-----+--------+
         Total |   4185 |   3836 |    349 |    229 |   3044 |   6 |  697.5 |
       Dungeon |   4053 |   3727 |    326 |    229 |   2952 |   5 |  810.6 |
        Temple |    131 |    108 |     23 |      0 |     92 |   1 |  131.0 |
               +--------+--------+--------+--------+--------+-----+--------+

Top non-repeatable levels by time:
     D:1: 1117 daAuts
     D:2: 1057 daAuts
     D:4: 796 daAuts
     D:3: 778 daAuts
     D:5: 303 daAuts
  Temple: 131 daAuts
